 Dungeon Crawl Stone Soup version 0.23.2 (webtiles) character file.

Game seed: 14626359292319061049

26034 smoyker2 the Ripper (level 12, -1/51 HPs)
             Began as a Felid Transmuter on Apr 6, 2019.
             Was the Champion of Okawaru.
             Slain by a death yak (4 damage)
             ... while petrified by you
             ... on level 6 of the Lair of Beasts on Apr 7, 2019.
             The game lasted 01:53:28 (26976 turns).

smoyker2 the Ripper (Felid Transmuter)             Turns: 26976, Time: 01:53:28

Health: -1/51      AC:  3    Str:  6    XL:     12   Next: 94%
Magic:  11/19      EV:  4    Int: 14    God:    Okawaru [******]
Gold:   1171       SH:  0    Dex: 28    Spells: 3/19 levels left
                                        Lives:  0   Deaths: 4

rFire    . . .     SeeInvis +     - Unarmed
rCold    + . .     Gourm    .   (shield unavailable)
rNeg     + + +     Faith    .   (armour unavailable)
rPois    ∞         Spirit   .   (helmet unavailable)
rElec    .         Reflect  .   (cloak unavailable)
rCorr    .         Harm     .   (gloves unavailable)
MR       +....                  (boots unavailable)
Stlth    +.........             q - amulet of regeneration
HPRegen  0.57/turn              i - +6 ring of dexterity
MPRegen  0.16/turn              y - ring of poison resistance

@: blade paws, petrified, very slightly contaminated, quick
A: very small, no armour, no weapons or thrown items, stealth, claws 1, fangs 3,
see invisible, carnivore, speed 1, shaggy fur 3, slow metabolism 1
a: End Transformation, Heroism, Finesse, Renounce Religion


You were on level 6 of the Lair of Beasts.
You worshipped Okawaru.
Okawaru was exalted by your worship.
You were very full.
You had blades for front paws.
You visited 4 branches of the dungeon, and saw 22 of its levels.
You also visited: Sewer.

You collected 1380 gold pieces.
You spent 209 gold pieces at shops.

Inventory:

Missiles
 a - 118 arrows
Jewellery
 i - a +6 ring of dexterity (left scythe-like blade)
 l - a +3 ring of evasion
 o - an uncursed amulet of rage
 q - an amulet of regeneration (around neck)
 y - a ring of poison resistance (right scythe-like blade)
 F - an uncursed ring of resist corrosion
 K - the amulet "Pedub" {Harm *Drain Dex+6 Stlth-}
   (You found it on level 9 of the Dungeon)

   [amulet of harm]

   It increases damage dealt and taken.
   It affects your dexterity (+6).
   It causes draining when unequipped.
   It makes you less stealthy.
 O - an uncursed ring of ice
 Y - an uncursed ring of fire
Wands
 t - a wand of digging (5)
 H - a wand of disintegration (9)
 I - a wand of clouds (4)
 J - a wand of polymorph (6)
 N - a wand of flame (24)
 Q - a wand of iceblast (4)
 W - a wand of enslavement (10)
Scrolls
 b - 6 scrolls of teleportation {unknown}
 d - 7 scrolls of identify
 e - 9 scrolls of remove curse {unknown}
 f - 7 scrolls of amnesia {unknown}
 h - 4 scrolls of immolation {unknown}
 k - 4 scrolls of noise {unknown}
 m - 6 scrolls of magic mapping {unknown}
 n - 3 scrolls of fog {unknown}
 u - 3 scrolls of blinking {unknown}
 w - 3 scrolls of enchant armour {unknown}
 B - 2 scrolls of random uselessness {unknown}
 L - 3 scrolls of enchant weapon {unknown}
 P - a scroll of vulnerability {unknown}
 U - a scroll of acquirement {unknown}
 V - a scroll of fear {unknown}
Potions
 g - 3 potions of magic {unknown}
 j - 6 potions of curing
 p - 6 potions of lignification {unknown}
 r - 4 potions of degeneration {unknown}
 s - 5 potions of heal wounds {unknown}
 v - a potion of haste
 x - 6 potions of flight
 z - 2 potions of agility {unknown}
 A - 2 potions of invisibility {unknown}
 C - 4 potions of brilliance {unknown}
 D - a potion of resistance {unknown}
 E - 3 potions of might {unknown}
 G - a potion of cancellation {unknown}
 R - 3 potions of mutation {unknown}
 Z - a potion of ambrosia {unknown}
Comestibles
 c - 17 rations
 M - 2 chunks of flesh


   Skills:
 - Level 5.2 Fighting
 + Level 15.7 Dodging
 - Level 16.0 Unarmed Combat
 - Level 4.0 Spellcasting
 - Level 3.4 Necromancy
 - Level 9.0 Transmutations
 - Level 4.5 Ice Magic
 - Level 2.0 Poison Magic
 - Level 8.3 Evocations


You had 3 spell levels left.
You knew the following spells:

 Your Spells              Type           Power        Failure   Level  Hunger
a - Beastly Appendage     Tmut           ####..       12%         1    None
b - Sticks to Snakes      Tmut           ####....     13%         2    ##.....
c - Spider Form           Tmut/Pois      ###.......   36%         3    ###....
d - Animate Skeleton      Necr           N/A          32%         1    None
e - Ice Form              Ice/Tmut       ###.....     50%         4    ####...
f - Blade Hands           Tmut           ####......   52%         5    ######.

Your spell library contained the following spells:

 Spells                   Type           Power        Failure   Level  Hunger
 Apportation              Tloc           #.....       61%         1    None
 Confusing Touch          Hex            #.....       61%         1    None
 Magic Dart               Conj           #...         61%         1    None
 Shock                    Conj/Air       #...         61%         1    None
 Summon Small Mammal      Summ           #...         61%         1    None
 Blink                    Tloc           N/A          71%         2    ##.....
 Call Imp                 Summ           #.......     71%         2    ##.....
 Slow                     Hex            #.......     71%         2    ##.....
 Swiftness                Chrm/Air       #.......     71%         2    ##.....
 Mephitic Cloud           Conj/Pois/Air  #.......     82%         3    ###....
 Call Canine Familiar     Summ           #.......     87%         3    ###....
 Confuse                  Hex            #.......     87%         3    ###....
 Conjure Flame            Conj/Fire      #.......     87%         3    ###....
 Gell's Gravitas          Tloc           #.........   87%         3    ###....
 Static Discharge         Conj/Air       #.......     87%         3    ###....
 Summon Guardian Golem    Hex/Summ       #.......     87%         3    ###....
 Petrify                  Tmut/Erth      ###.....     73%         4    ####...
 Summon Ice Beast         Ice/Summ       #.......     91%         4    ####...
 Yara's Violent Unravell  Hex/Tmut       ###.......   93%         5    ######.
 Airstrike                Air            #.........   99%         4    ####...
 Summon Lightning Spire   Summ/Air       #.......     99%         4    ####...
 Metabolic Englaciation   Hex/Ice        #.........   99%         5    ######.
 Lightning Bolt           Conj/Air       #.........   100%        5    ######.


Dungeon Overview and Level Annotations

Branches:
Dungeon (14/15)            Temple (1/1) D:5            Lair (6/6) D:9
  Swamp (0/4) Lair:3        Snake (0/4) Lair:2        Slime (0/5) Lair:5
    Orc (1/2) D:9
 Vaults: D:13-14

Altars:
Ashenzari
Cheibriados
Dithmenos
Elyvilon
Fedhas
Gozag
Hepliaklqana
Kikubaaqudgha
Makhleb
Nemelex Xobeh
Okawaru
Qazlal
Ru
Sif Muna
Trog
Uskayaw
Vehumet
Wu Jian
Xom
Yredelemnul
Zin
The Shining One
Beogh

Shops:
D:5 !   D:6 :   D:12 (}

Portals:
Trove: D:13 (show abyssal rune of Zot)

Annotations:
D:4 3 runed translucent doors, strelocc's ghost, amateur FoFi
D:13 exclusions: oklob plant and oklob sapling
Lair:2 exclusion: oklob plant
Lair:3 exclusion: oklob plant
Lair:5 exclusion: 3 oklob plants


Innate Abilities, Weirdness & Mutations

You cannot wear armour.
You are incapable of wielding weapons or throwing items.
Your paws allow you to move quietly. (Stealth)
You have sharp claws.
You have razor-sharp teeth.
You have supernaturally acute eyesight. (SInv)
You are carnivorous and can eat meat at any time.
You cover ground quickly.
Your thick and shaggy fur keeps you warm. (AC +3, rC+)
You have a slow metabolism.
((Your sharp claws are effective at attacking unaware monsters.))


Message History

The plant turns to stone!
The catoblepas gores you!!
You are engulfed in calcifying dust.
The plant is engulfed in calcifying dust.
The death yak is engulfed in calcifying dust.
The death yak is moving more slowly.
The catoblepas breathes a plume of calcifying dust at you.
The blast of calcifying dust hits you!
You are engulfed in calcifying dust.
The plant is engulfed in calcifying dust.
You are engulfed in calcifying dust.
The plant is engulfed in calcifying dust.
The catoblepas gores you!!
* * * LOW HITPOINT WARNING * * *
The catoblepas gores you!
* * * LOW HITPOINT WARNING * * *
The death yak completely misses you. The catoblepas gores you!
* * * LOW HITPOINT WARNING * * *
The death yak gores you!
You die...

######..........♣##
###..##.§§.........P#
#......Z#######......
##....###.. ###....
#........... ###..
##........#. ###
#Y#Y....## #
#Y##...## #Y@##...
#..§#.÷.. #..P##.8..
#.P..# ##...###
#.....##### #
##........########
##.......P...##..
###.......P.....


You could see 2 death yaks and a catoblepas.

Vanquished Creatures
  Snorg (D:11)
  Fannar (Lair:1)
  3 hydras
  2 catoblepae
  3 two-headed ogres
  14 death yaks
  Urug (Lair:2)
  Nergalle (D:11)
  A wizard (D:12)
  An unseen horror (D:10)
  Pikel (D:8)
  4 ugly things
  A manticore (D:12)
  2 cyclopes
  9 elephants
  4 black mambas
  2 centaur zombies (D:13)
  9 spiny frogs
  A gargoyle (D:9)
  A rime drake (Lair:1)
  An efreet (D:12)
  4 komodo dragons
  2 guardian mummies (D:13)
  3 trolls
  A polar bear (Lair:6)
  Grinder (Sewer)
  3 slime creatures (D:13)
  A vampire (D:13)
  4 hippogriffs
  A spriggan (D:11)
  Eustachio (D:4)
  A water elemental (D:11)
  6 wyverns
  2 basilisks
  30 yaks
  A steam dragon (D:10)
  Menkaure (D:6)
  3 vampire mosquitoes (D:12)
  2 acid dragons
  14 water moccasins
  3 ice beasts
  10 porcupines
  6 orc warriors
  An eye of draining (D:11)
  4 sky beasts
  3 slaves (D:8)
  4 black bears
  2 necrophages
  A phantom (D:13)
  8 wolves
  5 ogres
  10 crocodiles
  7 centaurs
  4 big kobolds
  26 bullfrogs
  6 scorpions
  4 howler monkeys
  2 electric eels (D:11)
  A bullfrog zombie (D:5)
  10 crimson imps
  4 quasits
  3 centaur skeletons
  3 jellies
  9 orc priests
  A gnoll shaman (D:6)
  7 hounds
  8 orc wizards
  A bullfrog skeleton (D:4)
  6 iguanas
  12 worker ants
  2 big kobold zombies (Sewer)
  3 hound zombies
  A howler monkey zombie (D:7)
  A worker ant zombie (D:5)
  3 gnolls (D:6)
  A howler monkey skeleton (D:7)
  11 adders
  3 shadow imps (Sewer)
  3 ufetubi (Sewer)
  2 adder zombies
  An adder skeleton (D:5)
  3 worms
  4 dart slugs
  2 leopard geckos
  49 orcs
  11 bats
  12 giant cockroaches
  8 goblins
  6 hobgoblins
  13 jackals
  A quokka (D:5)
  12 ball pythons
  3 frilled lizards
  36 kobolds
  2 kobold zombies (Sewer)
  A quokka skeleton (D:4)
  A quokka zombie (D:7)
  5 rats
515 creatures vanquished.

Vanquished Creatures (collateral kills)
  A hydra (Lair:1)
  An elephant (Lair:6)
  2 komodo dragons (Lair:1)
  A basilisk (Lair:1)
  2 water moccasins
  An ice beast (D:9)
  A sky beast (D:12)
  An orc warrior (D:9)
  A wolf (Lair:6)
  A big kobold (D:12)
  3 bullfrogs
  A bullfrog zombie (D:12)
  An adder (D:2)
  A dart slug (D:2)
  An orc (D:6)
  A jackal (D:5)
  8 kobolds
  A rat (D:2)
  A butterfly (Lair:5)
30 creatures vanquished.

Vanquished Creatures (others)
  A bush (Lair:6)
  33 fungi
  17 plants
51 creatures vanquished.

Grand Total: 596 creatures vanquished

Notes
Turn   | Place    | Note
-------+----------+-------------------------------------------
     0 | D:1      | smoyker2 the Felid Transmuter began the quest for the Orb.
     0 | D:1      | Reached XP level 1. HP: 9/9 MP: 4/4
   123 | D:1      | Reached XP level 2. HP: 8/12 MP: 6/6
   728 | D:1      | Reached skill level 4 in Unarmed Combat
  1206 | D:1      | Reached XP level 3. HP: 9/15 MP: 5/7
  1227 | D:1      | Learned a level 2 spell: Sticks to Snakes
  1231 | D:1      | Learned a level 3 spell: Spider Form
  1793 | D:2      | Reached skill level 1 in Poison Magic
  2329 | D:2      | Reached XP level 4. HP: 19/19 MP: 5/8
  2368 | D:2      | Found a shadowy altar of Dithmenos.
  2390 | D:2      | Found a sparkling altar of Nemelex Xobeh.
  2489 | D:2      | Found a blossoming altar of Fedhas.
  2926 | D:2      | Reached XP level 5. HP: 19/22 MP: 6/9
  3147 | D:3      | Reached skill level 5 in Unarmed Combat
  3337 | D:3      | Found a shattered altar of Ashenzari.
  3347 | D:3      | Found a burning altar of Makhleb.
  3375 | D:4      | Found a shimmering altar of Xom.
  3381 | D:3      | Slain by an orc priest
  3382 | D:3      | Reached XP level 4. HP: 0/19 MP: 2/8
  3438 | D:3      | Reached XP level 5. HP: 13/22 MP: 6/9
  3721 | D:4      | Noticed Eustachio
  3762 | D:4      | Found a glowing drain.
  3765 | D:4      | Reached skill level 6 in Unarmed Combat
  3774 | Sewer    | Entered a sewer
  3842 | Sewer    | Gained mutation: You are covered in thick fur. (AC +2)
                  | [Felid growth]
  3842 | Sewer    | Reached XP level 6. HP: 24/25 MP: 6/10
  4049 | Sewer    | Found a burning altar of Makhleb.
  4231 | Sewer    | Noticed Grinder
  4246 | Sewer    | Killed Grinder
  4246 | Sewer    | Reached skill level 7 in Unarmed Combat
  4246 | Sewer    | Reached XP level 7. HP: 25/28 MP: 8/11
  4288 | Sewer    | Reached skill level 8 in Unarmed Combat
  4441 | Sewer    | Learned a level 1 spell: Animate Skeleton
  4533 | D:4      | Killed Eustachio
  4782 | D:4      | Found a runed translucent gate.
  4782 | D:4      | Found a runed translucent gate.
  4783 | D:4      | Found a runed translucent gate.
  4785 | D:4      | Noticed strelocc's ghost (amateur FoFi)
  4788 | D:4      | Found a roughly hewn altar of Beogh.
  4853 | D:4      | Reached skill level 9 in Unarmed Combat
  4927 | D:4      | Reached XP level 8. HP: 21/32 MP: 9/12
  4950 | D:4      | Learned a level 4 spell: Ice Form
  5087 | D:5      | Entered Level 5 of the Dungeon
  5091 | D:5      | Found a bloodstained altar of Trog.
  5307 | D:5      | Found a staircase to the Ecumenical Temple.
  5332 | Temple   | Entered the Ecumenical Temple
  5468 | Temple   | Became a worshipper of Warmaster Okawaru
  5580 | D:5      | Reached skill level 10 in Unarmed Combat
  5610 | D:5      | Found a sparkling altar of Nemelex Xobeh.
  5670 | D:5      | Found the +7 great mace "Undeadhunter" {disrupt, rN+}
  5720 | D:5      | Found Neunac's Distillery.
  5725 | D:5      | Bought a potion of haste for 110 gold pieces
  5725 | D:5      | Bought a potion of flight for 33 gold pieces
  5725 | D:5      | Bought a potion of curing for 33 gold pieces
  5725 | D:5      | Bought a potion of curing for 33 gold pieces
  5995 | D:5      | Reached * piety under Okawaru
  6165 | D:6      | Reached skill level 11 in Unarmed Combat
  6265 | D:6      | Reached XP level 9. HP: 33/35 MP: 8/13
  6400 | D:6      | Noticed Menkaure
  6414 | D:6      | Killed Menkaure
  6444 | D:6      | Reached ** piety under Okawaru
  6700 | D:6      | Reached skill level 12 in Unarmed Combat
  6967 | D:6      | Found Lawan's Book Boutique.
  7468 | D:7      | Reached skill level 1 in Ice Magic
  7473 | D:7      | Found a sacrificial altar of Ru.
  8756 | D:8      | Reached *** piety under Okawaru
  8762 | D:8      | Noticed Pikel
  8992 | D:8      | Found a hide-covered altar of Uskayaw.
  8993 | D:8      | Noticed a +0 hand axe
  8993 | D:8      | Noticed a +0 hand axe
  9065 | D:8      | Reached XP level 10. HP: 39/39 MP: 12/14
  9242 | D:8      | Noticed a two-headed ogre
  9263 | D:8      | Killed a two-headed ogre
  9348 | D:8      | Killed Pikel
  9678 | D:9      | Found a staircase to the Lair.
  9798 | D:9      | Reached **** piety under Okawaru
  9798 | D:9      | Reached skill level 13 in Unarmed Combat
  9882 | D:9      | Got a heavily runed emerald amulet
  9884 | D:9      | Identified the amulet "Pedub" {Harm *Drain Dex+6 Stlth-}
                  | (You found it on level 9 of the Dungeon)
  9935 | D:9      | Found a staircase to the Orcish Mines.
 10302 | D:9      | Slain by a wyvern
 10303 | D:9      | Reached XP level 9. HP: -3/46 MP: 11/13
 10442 | D:9      | Reached skill level 5 in Fighting
 10466 | D:9      | Found an opulent altar of Gozag.
 10634 | D:10     | Entered Level 10 of the Dungeon
 10637 | D:10     | Noticed a gargoyle
 10835 | D:10     | Noticed an unseen horror
 10844 | D:10     | Killed an unseen horror
 10844 | D:10     | Reached ***** piety under Okawaru
 10844 | D:10     | Reached XP level 10. HP: 44/44 MP: 9/14
 11165 | Lair:1   | Entered Level 1 of the Lair of Beasts
 11230 | Orc:1    | Entered Level 1 of the Orcish Mines
 11403 | Orc:1    | Noticed an orc warlord
 11418 | Orc:1    | Reached skill level 5 in Dodging
 11617 | D:9      | Killed a gargoyle
 11961 | D:10     | Noticed a two-headed ogre
 11976 | D:10     | Killed a two-headed ogre
 12134 | D:10     | Reached skill level 1 in Necromancy
 12601 | D:11     | Noticed Nergalle
 12683 | D:11     | Killed Nergalle
 12867 | D:11     | Noticed a green ugly thing
 12888 | D:11     | Killed a green ugly thing
 13411 | D:11     | Reached XP level 11. HP: 48/48 MP: 14/16
 13482 | D:11     | Noticed a six-headed hydra
 13511 | D:11     | Killed a six-headed hydra
 13520 | D:11     | Learned a level 5 spell: Blade Hands
 13558 | D:11     | Noticed Snorg
 13718 | D:11     | Killed Snorg
 13718 | D:11     | Reached ****** piety under Okawaru
 14292 | D:12     | Noticed a red ugly thing
 14306 | D:12     | Killed a red ugly thing
 14363 | D:12     | Noticed a two-headed ogre
 14369 | D:12     | Killed a two-headed ogre
 14369 | D:12     | Reached skill level 10 in Dodging
 14641 | D:12     | Found Godulura's Antique Weapon Emporium.
 14808 | D:12     | Noticed a wizard
 14808 | D:12     | You fall through a shaft!
 14861 | D:12     | Found Emuts's Gadget Shop.
 15495 | Lair:1   | Reached skill level 1 in Evocations
 15584 | Lair:1   | Gained mutation: Your thick and shaggy fur keeps you warm.
                  | (AC +3, rC+) [Felid growth]
 15584 | Lair:1   | Reached XP level 12. HP: 51/51 MP: 10/19
 16065 | Lair:1   | Noticed an eight-headed hydra
 16076 | Lair:1   | Killed an eight-headed hydra
 16267 | Lair:1   | Noticed Fannar
 16282 | Lair:1   | Killed Fannar
 16282 | Lair:1   | Reached skill level 5 in Evocations
 17145 | Lair:2   | Found a gate leading to a gauntlet.
 17145 | Lair:2   | Noticed Urug
 17166 | Lair:2   | Killed Urug
 17312 | Lair:2   | Found a staircase to the Snake Pit.
 17801 | Lair:3   | Found a staircase to the Swamp.
 17913 | Lair:3   | Noticed a death yak
 17919 | Lair:3   | Noticed a death yak
 17920 | Lair:3   | Noticed a death yak
 17920 | Lair:3   | Noticed a death yak
 17920 | Lair:3   | Noticed a death yak
 17922 | Lair:3   | Noticed a death yak
 18132 | Lair:3   | Noticed a catoblepas
 18157 | Lair:3   | HP: 1/51 [catoblepas/blast of calcifying dust (3)]
 18339 | Lair:3   | Slain by a catoblepas
 18340 | Lair:3   | Reached XP level 11. HP: 0/48 MP: 10/18
 18349 | Lair:3   | Killed a catoblepas
 18589 | D:12     | Killed a wizard
 18797 | D:12     | Noticed a red ugly thing
 18810 | D:12     | Killed a red ugly thing
 19033 | D:12     | Reached skill level 14 in Unarmed Combat
 19648 | D:13     | Reached XP level 12. HP: 51/51 MP: 16/19
 19811 | D:13     | Found a portal to a secret trove of treasure.
 20742 | Lair:3   | Killed a death yak
 20819 | Lair:3   | Killed a death yak
 21104 | Lair:3   | Killed a death yak
 21104 | Lair:3   | Reached skill level 15 in Unarmed Combat
 22067 | Lair:3   | Killed a death yak
 22074 | Lair:3   | Killed a death yak
 22082 | Lair:3   | Killed a death yak
 22562 | Lair:4   | Noticed a death yak
 22638 | Lair:4   | Noticed a catoblepas
 23039 | Lair:4   | Killed a death yak
 23294 | Lair:4   | Killed a catoblepas
 23705 | Lair:5   | Noticed a death yak
 23710 | Lair:5   | Noticed a death yak
 23714 | Lair:5   | Noticed a death yak
 23731 | Lair:4   | Killed a death yak
 23884 | Lair:5   | Reached skill level 16 in Unarmed Combat
 24113 | Lair:5   | Found a staircase to the Slime Pits.
 24150 | Lair:5   | Killed a death yak
 24153 | Lair:5   | Killed a death yak
 24153 | Lair:5   | Reached XP level 13. HP: 53/53 MP: 1/20
 24644 | Lair:6   | Entered Level 6 of the Lair of Beasts
 25310 | Lair:5   | Mangled by a death yak
 25311 | Lair:5   | Reached XP level 12. HP: -6/51 MP: 9/19
 25364 | Lair:5   | Killed a death yak
 25451 | Lair:5   | Killed a death yak
 25529 | Lair:6   | Killed a death yak
 25793 | Lair:6   | Noticed a four-headed hydra
 25878 | Lair:6   | Reached skill level 15 in Dodging
 26108 | Lair:6   | Killed a four-headed hydra
 26180 | Lair:6   | Noticed a four-headed hydra
 26537 | Lair:6   | Killed a four-headed hydra
 26976 | Lair:6   | Slain by a death yak

Skill      XL: |  1  2  3  4  5  6  7  8  9 10 11 12 13 |
---------------+----------------------------------------+-----
Unarmed Combat | 4 6 7 9 11 12 13 14 16 | 16.0
Poison Magic   | 1 2 |  2.0
Transmutations | 3 4 9 |  9.0
Ice Magic      | 4 |  4.5
Fighting       | 5 4 |  5.2
Dodging        | 4 7 12 15 13 | 15.7
Necromancy     | 3 |  3.4
Spellcasting   | 4 |  4.0
Evocations     | 1 8 |  8.3

Action                   |  1- 3 |  4- 6 |  7- 9 | 10-12 | 13-15 || total
-------------------------+-------+-------+-------+-------+-------++-------
Melee: Unarmed           |   115 |   229 |   379 |  1002 |    63 ||  1788
       Headbutt          |    17 |     7 |    28 |     1 |       ||    53
       Bite              |    10 |     6 |    27 |   106 |    10 ||   159
       Punch             |     2 |     1 |    16 |    69 |    10 ||    98
 Cast: Beastly Appendage |    27 |    16 |    25 |     4 |       ||    72
       Sticks to Snakes  |     2 |     2 |    18 |   139 |     9 ||   170
       Spider Form       |     1 |    26 |    35 |     5 |       ||    67
       Animate Skeleton  |       |       |    14 |    51 |     9 ||    74
       Ice Form          |       |       |     3 |    51 |       ||    54
       Blade Hands       |       |       |       |    83 |     9 ||    92
Invok: Heroism           |       |       |     2 |    16 |     5 ||    23
       Finesse           |       |       |       |     9 |     3 ||    12
 Abil: End Transformatio |       |       |       |     1 |       ||     1
  Use: Scroll            |       |       |     4 |     7 |       ||    11
       Potion            |       |       |       |     5 |     1 ||     6
 Stab: Sleeping          |     2 |     1 |    13 |     9 |       ||    25
       Distracted        |       |       |     1 |     7 |       ||     8
  Eat: Chunk             |    10 |    14 |    23 |    77 |     7 ||   131
       Ration            |       |       |       |     9 |       ||     9
Armor: Skin              |     6 |    20 |    15 |    49 |     5 ||    95
Dodge: Dodged            |    98 |   271 |   323 |   835 |    88 ||  1615
